 Dungeon Crawl Stone Soup version 0.30-a0-603-g51a0fb1b98 (webtiles) character file.

Game seed: 1804763280068922377

242 kae the Changer (level 5, -1/37 HPs)
             Began as a Demonspawn Transmuter on Jan 7, 2023.
             Slain by an orc
             ... wielding a +0 flail
              (9 damage)
             ... on level 3 of the Dungeon.
             The game lasted 00:03:11 (2118 turns).

kae the Changer (Demonspawn Transmuter)             Turns: 2118, Time: 00:03:11

Health: -1/37      AC:  2    Str: 11    XL:     5   Next: 81%
Magic:  9/9        EV: 12    Int: 16    God:
Gold:   179        SH:  0    Dex: 13    Spells: 0/10 levels left

rFire   . . .      SeeInvis .      - Unarmed
rCold   . . .      Faith    .    (no shield)
rNeg    . . .      Spirit   .    a - +0 robe
rPois   .          Reflect  .    (helmet currently unavailable)
rElec   .          Harm     .    (no cloak)
rCorr   .          Rampage  .    (no gloves)
Will    .....                    (boots currently unavailable)
Stlth   +                        (no amulet)
HPRegen 0.26/turn                (no ring)
MPRegen 0.11/turn                (no ring)

@: confused, appendages (expiring)
A: talons 2, antennae 2, claws 1, hooves 1
a: End Transformation


You were on level 3 of the Dungeon.
You had temporarily grown beastly talons.
You visited 1 branch of the dungeon, and saw 3 of its levels.

You collected 179 gold pieces.


Innate Abilities, Weirdness & Mutations

You have temporarily grown beastly talons.
You have a pair of antennae on your head.
You have sharp fingernails.
You have large cloven feet.


   Skills:
 - Level 1.0 Fighting
 - Level 1.7 Dodging
 + Level 3.6 Unarmed Combat
 + Level 3.2 Spellcasting
 * Level 3.8 Transmutations
 * Level 0.5 Ice Magic
 - Level 1.5 Poison Magic


You couldn't memorise any spells.
You knew the following spells:

 Your Spells              Type           Power      Damage    Failure   Level
a - Beastly Appendage     Tmut           28%        N/A       3%          1
b - Wereblood             Tmut           14%        N/A       6%          2
c - Spider Form           Tmut/Pois      11%        N/A       19%         3
d - Ice Form              Ice/Tmut       9%         N/A       58%         4

Your spell library contained the following spells:

 Spells                   Type           Power      Damage    Failure   Level


Inventory:

Missiles
 f - 41 stones
Armour
 a - a +0 robe (worn)
Magical Staves
 c - a staff of cold {!a}
   (You found it on level 2 of the Dungeon)
Wands
 q - a wand of flame (21)
   (You found it on level 3 of the Dungeon)
Scrolls
 h - a scroll of magic mapping {unknown}
 k - a scroll of brand weapon {unknown}
 l - 2 scrolls of identify {@r1}
 o - a scroll of teleportation {unknown}
 p - a scroll of enchant weapon {unknown}
 r - a scroll of silence {unknown}
 s - a scroll of immolation {!r!r}
Potions
 b - 2 potions of lignification {!q}
 d - 2 potions of might {unknown}
 e - 2 potions of heal wounds {@q2}
 g - a potion of haste {unknown}
 i - a potion of brilliance {unknown}
 j - a potion of resistance {unknown}
 m - a potion of magic {unknown}
 n - a potion of degeneration {unknown}

Dungeon Overview and Level Annotations

Branches:
Dungeon (3/15) Zot: 15889

Altars:

Shops:
D:3

: ###...## #... ..#
#.### #......# #.# #
#......# #.# #[ #......#
#.# ##.##.#.##.######.#
##...#.#.##.##.....#
##....o)........#.###
#.....o@.....##..#######
......o..##.............
..............#...#.###.
...>..............#..>..
#.......#.#.>.###.#..##.
##............###.......
..#.....................
#.######...######.##.#..
#...# #.##....


You could see an orc wizard and 2 orcs.


Message History

There is an entrance to Tumikh's Book Emporium here.
Your talons disappear.
f - 41 stones (gained 8) Key pressed, stopping explore.
You now have 168 gold pieces (gained 13).
You now have 179 gold pieces (gained 11).
There is a stone staircase leading down here.
Found a stone staircase leading down.
Unknown command.
An orc comes into view. It is wielding a +0 dagger.
The orc shouts!
An orc is nearby!
An orc is nearby!
An orc comes into view. It is wielding a +0 flail.
An orc comes into view. It is wielding a +0 club.
The orc moves out of view.
Casting: Beastly Appendage (safe; 3% risk of failure)
Confirm with . or Enter, or press ? or * to list all spells.
Your feet morph into talons.
The orc shouts!
You hear a shout!
The orc hits you with a +0 dagger.
An orc wizard comes into view. It is wielding a +0 dagger.
The orc throws a boomerang.
The boomerang barely misses you. 😕 HP[-1] MP[-1]
You take 1 damage, and now have 36/37 hp.
You lost 1 mp, and now have 8/9 mp.
You scratch the orc. The orc closely misses you.
You scratch the orc.
You kill the orc! 😎 HP[+1]
Your hp is fully restored (37).
You barely miss the orc. You claw the orc. You closely miss the orc.
An orc comes into view. It is wielding a +0 war axe.
The orc hits you with a +0 club.
The orc wizard yells repeatedly.
The orc wizard hits you but does no damage. 😕 HP[-2]
You take 2 damage, and now have 35/37 hp.
Unknown command.
You closely miss the orc. The orc hits you but does no damage.
The orc wizard hits you with a +0 dagger.
You closely miss the orc. The orc closely misses you.
The orc wizard casts a spell at you. You resist with some effort.
You barely miss the orc. The orc closely misses you. x2
The orc wizard hits you but does no damage.
You claw the orc!
You kill the orc! 😕 MP[+1]
Your mp is fully restored (9).
You scratch the orc wizard but do no damage.
The orc wizard gestures at you while chanting.
You resist with some effort. The orc hits you with a +0 flail.
You barely miss the orc wizard.
The orc wizard hits you with a +0 dagger.
The orc hits you with a +0 flail. 😕 HP[-4]
You take 4 damage, and now have 31/37 hp.
Unknown command.
You scratch the orc wizard but do no damage.
You claw the orc wizard. The orc wizard barely misses you.
The orc barely misses you. The orc hits you with a +0 flail.
You scratch the orc wizard. Your kick misses the orc wizard.
The orc wizard hits you with a +0 dagger.
The orc hits you with a +0 war axe!
* * * LOW HITPOINT WARNING * * *
The orc hits you with a +0 flail.
* * * LOW HITPOINT WARNING * * *
😨 HP[-14]
You take 14 damage, and now have 17/37 hp.
MASSIVE DAMAGE!! (PAUSE)
You claw the orc wizard!
Your transformation is almost over.
The orc wizard closely misses you. The orc completely misses you.
The orc barely misses you. 😨 HP[+1] Unknown command.
You closely miss the orc wizard. You claw the orc wizard.
The orc wizard hits you but does no damage.
The orc barely misses you. x2
Unknown command.
Unknown command.
You scratch the orc wizard but do no damage.
Your kick misses the orc wizard. The orc wizard casts a spell at you.
You are confused.
The orc hits you with a +0 war axe.
* * * LOW HITPOINT WARNING * * *
The orc misses you. 😨 HP[-1]
You take 1 damage, and now have 17/37 hp.
You're too confused to move!
The orc wizard gestures at you while chanting.
The puff of flame hits you!
* * * LOW HITPOINT WARNING * * *
The orc hits you with a +0 war axe.
* * * LOW HITPOINT WARNING * * *
The orc hits you with a +0 flail!
You die...

Skill      XL: |  1  2  3 |
---------------+----------+-----
Transmutations | 2 3 |  3.8
Unarmed Combat | 3 |  3.6
Spellcasting   | 3 |  3.2
Poison Magic   | 1 |  1.5
Fighting       | |  1.0
Dodging        | |  1.7
Ice Magic      | |  0.5

Action                   |  1- 3 |  4- 6 || total
-------------------------+-------+-------++-------
Melee: Unarmed           |    90 |    57 ||   147
       Kick              |    21 |     8 ||    29
       Headbutt          |     9 |       ||     9
       Punch             |     1 |       ||     1
 Cast: Beastly Appendage |    18 |     9 ||    27
       Wereblood         |     1 |       ||     1
       Spider Form       |     1 |       ||     1
  Use: Scroll            |     4 |       ||     4
 Stab: Sleeping          |       |     1 ||     1
Armor: Robe              |    20 |    10 ||    30
Dodge: Dodged            |    66 |    40 ||   106

Levels and vault maps discovered:
D:1:      onia_arrival_pyramid, layout_basic, serial_curves, eino_curves_02,
          eino_curves_04, minmay_shallow_snake_nest
D:2:      layout_loops_ring, kennysheep_cluttered_room, grunt_ministairs_11,
          st_stairs_1, uniq_sigmund
D:3:      layout_loops_cross, serial_shops, shop,
          hellmonk_ecumenical_altar_pennies_from_heaven

Notes
Turn   | Place    | Note
-------+----------+-------------------------------------------
     0 | D:1      | kae the Demonspawn Transmuter began the quest for the Orb.
     0 | D:1      | Reached XP level 1. HP: 15/15 MP: 3/3
     0 | D:1      | magus.rc [v1.11.3]
    80 | D:1      | HP: 3/15 [endoplasm (2)]
    85 | D:1      | Reached skill level 2 in Transmutations
   190 | D:1      | You feel monstrous as your demonic heritage exerts itself.
   190 | D:1      | Discovered your monstrous ancestry.
   190 | D:1      | Gained mutation: You have sharp fingernails. [demonic
                  | ancestry]
   190 | D:1      | Reached XP level 2. HP: 17/21 MP: 3/5
   219 | D:1      | Learned a level 2 spell: Wereblood
   538 | D:1      | Reached skill level 3 in Unarmed Combat
   660 | D:1      | Lost mutation: You have razor-sharp toenails. [demonic
                  | ancestry]
   660 | D:1      | Lost mutation: You have sharp toenails. [demonic ancestry]
   660 | D:1      | Gained mutation: You have large cloven feet. [demonic
                  | ancestry]
   660 | D:1      | Reached XP level 3. HP: 22/26 MP: 4/6
   664 | D:1      | Learned a level 3 spell: Spider Form
   852 | D:2      | Noticed Sigmund
  1216 | D:2      | Killed Sigmund
  1217 | D:2      | Reached skill level 3 in Spellcasting
  1217 | D:2      | Reached skill level 3 in Transmutations
  1217 | D:2      | Reached skill level 1 in Poison Magic
  1217 | D:2      | Gained mutation: You have a pair of small antennae on your
                  | head. [demonic ancestry]
  1217 | D:2      | Reached XP level 4. HP: 32/32 MP: 3/8
  1217 | D:2      | Gained mutation: You have a pair of antennae on your head.
                  | [demonic ancestry]
  1217 | D:2      | Reached XP level 5. HP: 37/37 MP: 3/9
  1250 | D:2      | Learned a level 4 spell: Ice Form
  1900 | D:3      | Found a faded altar of an unknown god.
  2049 | D:3      | Found Tumikh's Book Emporium.
  2118 | D:3      | HP: 8/37 [orc/+0 war axe (2)]
  2118 | D:3      | Slain by an orc

Vanquished Creatures
  Sigmund (D:2)
  2 adders (D:3)
  A worm (D:2)
  A dart slug (D:2)
  2 orcs (D:3)
  9 ball pythons
  6 endoplasms (D:1)
  2 giant cockroaches (D:1)
  4 goblins
  3 hobgoblins
  A jackal (D:2)
  2 quokkas
  8 bats
  3 frilled lizards
  7 kobolds
  2 rats (D:2)
54 creatures vanquished.

Table legend:
 A = Non-vault XP
 B = Vault XP
 C = Vault XP percentage of total XP
 D = Non-vault monster count
 E = Vault monster count
 F = Vault count percentage of total count
                 A         B        C        D         E       F
            +---------+---------+-------+---------+---------+-------
      Total |     108 |     238 |  68.8 |      45 |       9 |  16.7
            +---------+---------+-------+---------+---------+-------
        D:1 |      43 |       7 |  14.0 |      24 |       4 |  14.3
        D:2 |      28 |     231 |  89.2 |      14 |       5 |  26.3
        D:3 |      37 |       0 |   0.0 |       7 |       0 |   0.0
            +---------+---------+-------+---------+---------+-------

Illustrated notes

Table legend:
 A = Kills in this place as a percentage of kills in entire the game.
 B = Kills by you in this place as a percentage of kills by you in the entire game.
 C = Kills by friends in this place as a percentage of kills by friends in the entire game.
 D = Other kills in this place as a percentage of other kills in the entire game.
 E = Experience gained in this place as a percentage of experience gained in the entire game.
 F = Experience gained in this place divided by the number of levels of this place that you have seen.
                   A       B       C       D       E      F
               +-------+-------+-------+-------+-------+----------------------
         Total | 100.0 | 100.0 |   N/A |   N/A | 100.0 | 115.3
       Dungeon | 100.0 | 100.0 |   N/A |   N/A | 100.0 | 115.3
               +-------+-------+-------+-------+-------+----------------------

Table legend: (Time is in decaauts)
 A = Elapsed time spent in this place.
 B = Non-inter-level travel time spent in this place.
 C = Inter-level travel time spent in this place.
 D = Time resting spent in this place.
 E = Time spent auto-exploring this place.
 F = Levels seen in this place.
 G = Mean time per level.
                   A        B        C        D        E       F      G
               +--------+--------+--------+--------+--------+-----+--------+
         Total |   2109 |   2034 |     75 |     27 |   1604 |   3 |  703.0 |
       Dungeon |   2109 |   2034 |     75 |     27 |   1604 |   3 |  703.0 |
               +--------+--------+--------+--------+--------+-----+--------+

Top non-repeatable levels by time:
     D:2: 913 daAuts
     D:1: 828 daAuts
     D:3: 367 daAuts
